 Dungeon Crawl Stone Soup version 0.30-a0-913-g9934a0ce24 (webtiles) character file.

Game seed: 10550739672440610603

534 cforsyth the Covered (level 7, -2/56 HPs)
             Began as a Human Fighter on Mar 20, 2023.
             Slain by an orc
             ... wielding a +0 flail
              (3 damage)
             ... on level 5 of the Dungeon.
             The game lasted 00:04:17 (3418 turns).

cforsyth the Covered (Human Fighter)                Turns: 3418, Time: 00:04:18

Health: -2/56      AC:  7    Str: 21    XL:     7   Next: 50%
Magic:  7/7        EV:  9    Int:  8    God:
Gold:   182        SH:  5    Dex: 13    Spells: 6/6 levels left

rFire   . . .      SeeInvis .    p - +6 short sword of Bankruptcy {elec, Str+3}
rCold   . . .      Faith    .    c - +0 buckler
rNeg    . . .      Spirit   .    b - +0 scale mail
rPois   .          Reflect  .    (no helmet)
rElec   .          Rampage  .    (no cloak)
rCorr   .                        (no gloves)
Will    .....                    (no boots) Stlth
                                 (no amulet)
HPRegen 0.29/turn                (no ring)
MPRegen 0.10/turn                (no ring)

@: mighty, brilliant, lethally poisoned (-2 -> -5)
A: no striking features
a: no special abilities


You were on level 5 of the Dungeon.
You visited 1 branch of the dungeon, and saw 5 of its levels.

You collected 182 gold pieces.

Inventory:

Hand Weapons
 a - a +0 flail
 p - the +6 short sword of Bankruptcy (weapon) {elec, Str+3}
   (You found it on level 2 of the Dungeon)

   Str:       It affects your strength (+3).
Armour
 b - a +0 scale mail (worn)
 c - a +0 buckler (worn)
Jewellery
 f - an amulet of the acrobat
 m - a ring of positive energy
Scrolls
 e - 2 scrolls of enchant weapon {unknown}
 g - 2 scrolls of magic mapping {unknown}
 h - 8 scrolls of identify {unknown}
 l - a scroll of fog {unknown}
 n - a scroll of teleportation {unknown}
Potions
 i - 2 potions of attraction
 j - 3 potions of haste


   Skills:
 + Level 5.0 Fighting
 - Level 3.0 Maces & Flails
 + Level 5.1 Armour
 + Level 5.0 Shields


You had 6 spell levels left.
You didn't know any spells.
Your spell library contained the following spells:

 Spells                   Type           Power      Damage    Failure   Level
 Apportation              Tloc           0%         N/A       82%         1
 Necrotise                Necr           0%         1d4       82%         1
 Slow                     Hex            0%         N/A       82%         1
 Summon Small Mammal      Summ           0%         N/A       82%         1
 Cigotuvi's Dreadful Rot  Necr/Pois/Air  0%         N/A       91%         2
 Confusing Touch          Hex            0%         N/A       99%         3
 Ozocubu's Armour         Ice            0%         N/A       99%         3
 Vampiric Draining        Necr           0%         2d6       99%         3
 Dispel Undead            Necr           0%         3d6       100%        4
 Metabolic Englaciation   Hex/Ice        0%         N/A       100%        5
 Death Channel            Necr           0%         N/A       100%        6
 Simulacrum               Ice/Necr       0%         N/A       100%        6


Dungeon Overview and Level Annotations

Branches:
Dungeon (5/15)             Temple (0/1) D:5

Altars:
Okawaru

Annotations:
D:5 3 runed translucent doors, cforsyth's ghost, novice HuWn


Message History

Something hits you but does no damage. The orc hits you but does no damage.
You puncture something! Lightning courses through something!
Okawaru accepts your kill.
Reactivating autopickup.
You feel a bit more experienced.
You feel sick. The adder bites you but does no damage.
You hear some strange, mumbled words.
A puff of flame appears from out of thin air!
Deactivating autopickup; reactivate with Ctrl-A.
The puff of flame hits you! The orc hits you with a +0 flail!
* * * LOW HITPOINT WARNING * * *
You barely miss the orc.
You feel less confused.
You feel sick.
You are no longer poisoned.
The adder bites you.
* * * LOW HITPOINT WARNING * * *
You are poisoned.
The adder poisons you! Something hits you but does no damage.
You block the adder's attack. The orc hits you but does no damage.
It was a potion of brilliance.
You feel clever all of a sudden.
You feel sick. The adder bites you but does no damage.
You hear some strange, mumbled words.
A magic dart appears from out of thin air!
The magic dart hits you!
* * * LOW HITPOINT WARNING * * *
You block the orc's attack.
You feel very mighty all of a sudden.
* * * LOW HITPOINT WARNING * * *
You feel sick. The adder bites you but does no damage.
Something hits you but does no damage. You block the orc's attack.
Really renounce your faith, foregoing its fabulous benefits?
Are you sure?
You have lost your religion!
Okawaru does not appreciate desertion!
* * * LOW HITPOINT WARNING * * *
You feel sick. The adder bites you but does no damage.
Something hits you but does no damage. The orc hits you with a +0 flail.
You die...

....................##.
....................##.
....................##.
..............#........
.........)....+........
###........####........
......)................
... .#o).....##.......#
.....#@{.....##.......#
........S..#####.......#
..........## #.......#
..........# #...#####
..........# #....
..........# ...[..
..........# ###.......#
#.......#


You could see an adder and an orc.

Vanquished Creatures
  Sigmund (D:3)
  A phantom (D:4)
  4 hounds
  Jessica (D:2)
  Terence (D:2)
  An orc wizard (D:5)
  Robin (D:2)
  An adder (D:4)
  A worm (D:3)
  3 dart slugs
  6 orcs
  3 bats
  4 endoplasms
  3 giant cockroaches
  12 goblins
  8 hobgoblins
  4 jackals (D:1)
  4 kobolds
  4 quokkas
  5 ball pythons
  3 frilled lizards
  3 rats
74 creatures vanquished.

Notes
Turn   | Place    | Note
-------+----------+-------------------------------------------
     0 | D:1      | cforsyth the Human Fighter began the quest for the Orb.
     0 | D:1      | Reached XP level 1. HP: 18/18 MP: 1/1
   212 | D:1      | Reached XP level 2. HP: 17/24 MP: 2/2
   606 | D:1      | Reached XP level 3. HP: 29/29 MP: 3/3
  1004 | D:2      | Noticed Jessica
  1014 | D:2      | Killed Jessica
  1015 | D:2      | Reached XP level 4. HP: 34/35 MP: 4/4
  1074 | D:2      | Noticed Terence
  1092 | D:2      | Killed Terence
  1296 | D:2      | Found a faded altar of an unknown god.
  1345 | D:2      | Identified the +6 short sword of Bankruptcy {elec, Str+3}
  1375 | D:2      | Noticed Robin
  1464 | D:2      | Reached XP level 5. HP: 25/40 MP: 5/5
  1470 | D:2      | Killed Robin
  2010 | D:3      | Noticed Sigmund
  2041 | D:3      | Killed Sigmund
  2042 | D:3      | Reached XP level 6. HP: 16/49 MP: 6/6
  2618 | D:4      | Identified the +2 robe of Free Will {Will- rCorr Int+5}
  2757 | D:4      | Found an iron altar of Okawaru.
  2820 | D:4      | Became a worshipper of Warmaster Okawaru
  3079 | D:4      | Reached XP level 7. HP: 55/55 MP: 7/7
  3178 | D:5      | Entered Level 5 of the Dungeon
  3213 | D:5      | Found a staircase to the Ecumenical Temple.
  3233 | D:5      | Found a runed translucent gate.
  3233 | D:5      | Noticed cforsyth's ghost (novice HuWn)
  3234 | D:5      | Found a runed translucent gate.
  3235 | D:5      | Found a runed translucent gate.
  3281 | D:5      | Reached skill level 5 in Armour
  3398 | D:5      | Reached skill level 5 in Fighting
  3400 | D:5      | Reached skill level 5 in Shields
  3416 | D:5      | HP: 2/56 [something/magic dart (8)]
  3418 | D:5      | Fell from the grace of Okawaru
  3418 | D:5      | Slain by an orc

Illustrated notes

Levels and vault maps discovered:
D:1:      dpeg_arrival_more_subterranean_lakeside_camping, layout_basic,
          minmay_tetromino_t4
D:2:      layout_basic, basic_ecumenical_altar, feat_on_display, uniq_robin,
          uniq_terence, uniq_jessica
D:3:      layout_basic, uniq_sigmund
D:4:      layout_loops_ring, okawaru_ov_weapons_minmay,
          nicolae_figureground_pulse
D:5:      layout_basic, mainiacjoe_overflow_boulevard, xom_teletrap_fun,
          minmay_temple_entry_drinking_statues, serial_shops,
          nicolae_shop_waterfront, gammafunk_ghost_nasty_kobolds, serial_curves,
          eino_curves_03, eino_curves_03, eino_curves_01, eino_curves_01

Skill      XL: |  1  2  3  4  5  6  7 |
---------------+----------------------+-----
Maces & Flails | 3 |  3.0
Fighting       | 4 5 |  5.0
Armour         | 4 5 |  5.1
Shields        | 4 5 |  5.0

Action                     |  1- 3 |  4- 6 |  7- 9 || total
---------------------------+-------+-------+-------++-------
  Melee: Flail             |    74 |    67 |       ||   141
         Short sword       |       |    61 |    42 ||   103
 Invoke: Renounce Religion |       |       |     1 ||     1
    Use: Potion            |       |     6 |     3 ||     9
 Armour: Scale mail        |    76 |    72 |    34 ||   182
         Skin              |       |     1 |       ||     1
  Dodge: Dodged            |    58 |    56 |    30 ||   144
  Block: Buckler           |    31 |    32 |    17 ||    80

Table legend: (Time is in decaauts)
 A = Elapsed time spent in this place.
 B = Non-inter-level travel time spent in this place.
 C = Inter-level travel time spent in this place.
 D = Time resting spent in this place.
 E = Time spent auto-exploring this place.
 F = Levels seen in this place.
 G = Mean time per level.
                   A        B        C        D        E       F      G
               +--------+--------+--------+--------+--------+-----+--------+
         Total |   3464 |   3284 |    180 |      0 |   2667 |   5 |  692.8 |
       Dungeon |   3464 |   3284 |    180 |      0 |   2667 |   5 |  692.8 |
               +--------+--------+--------+--------+--------+-----+--------+

Top non-repeatable levels by time:
     D:2: 1056 daAuts
     D:1: 910 daAuts
     D:3: 688 daAuts
     D:4: 567 daAuts
     D:5: 240 daAuts
